 Dungeon Crawl Stone Soup version 0.31.0-11-ge490571c62 (webtiles) character file.

Game seed: 7165317995062096390

163 qw the Skirmisher (level 5, 0/29 HPs)
             Began as a Deep Elf Hunter on Feb 4, 2024.
             Slain by Duvessa
             ... wielding a +0 rapier
              (4 damage)
             ... on level 4 of the Dungeon.
             The game lasted 00:00:09 (2348 turns).

qw the Skirmisher (Deep Elf Hunter)                 Turns: 2348, Time: 00:00:09

Health: 0/29       AC:  6    Str: 10    XL:     5   Next: 20%
Magic:  7/7        EV: 11    Int: 14    God:
Gold:   177        SH:  0    Dex: 18    Spells: 4/4 levels left

rFire   . . .        a - +0 shortbow
rCold   . . .        (shield currently unavailable)
rNeg    . . .        d - +0 ring mail
rPois   .            g - +0 helmet
rElec   .            (no cloak)
rCorr   .            (no gloves)
SInv    .            (no boots)
Will    .....        (no amulet)
Stlth   +            (no ring)
HPRegen 0.24/turn    (no ring)
MPRegen 0.10/turn

%: no passive effects
@: no status effects
A: no striking features
a: no special abilities


You were on level 4 of the Dungeon.
You visited 1 branch of the dungeon, and saw 4 of its levels.

You collected 177 gold pieces.


   Skills:
 - Level 1.5 Fighting
 + Level 8.6 Ranged Weapons
 - Level 2.4 Dodging
 - Level 1.2 Stealth


You had 4 spell levels left.
You didn't know any spells.
Your spell library was empty.

Inventory:

Hand Weapons
 a - a +0 shortbow (weapon)
Armour
 d - a +0 ring mail (worn)
 g - a +0 helmet (worn)
Potions
 b - a potion of berserk rage {unknown}
 j - 2 potions of curing

Dungeon Overview and Level Annotations

Branches:
Dungeon (4/15)
 Temple: D:4-7

Altars:

Annotations:
D:4 Dowan, Duvessa


Message History

The arrow hits Duvessa but does no damage.
Duvessa is lightly wounded.
You shoot an arrow. The arrow closely misses Duvessa.
You shoot an arrow. The arrow closely misses Duvessa.
You hear the slow rusting of a very distant drain.
You shoot an arrow. The arrow closely misses Duvessa.
The arrow hits Dowan.
Dowan is lightly wounded.
Duvessa hits you but does no damage.
You shoot an arrow. The arrow barely misses Dowan.
Dowan misses you. Duvessa hits you with a +0 rapier.
You shoot an arrow.
The arrow hits Dowan but does no damage.
Dowan is lightly wounded.
Dowan hits you with a +0 dagger. Duvessa misses you.
You shoot an arrow. The arrow hits Dowan!
Dowan is heavily wounded.
Dowan hits you with a +0 dagger. Duvessa barely misses you.
You shoot an arrow.
The arrow hits Dowan but does no damage.
Dowan is heavily wounded.
Dowan says, "Magic and the sword, together, will defeat you."
Dowan completely misses you. Duvessa hits you with a +0 rapier!
You shoot an arrow. The arrow misses Dowan.
Dowan casts a spell at Duvessa.
Duvessa seems to speed up.
Duvessa barely misses you.
2341 ||| RETREEEEATING.
Duvessa hits you with a +0 rapier!
2342 ||| RETREEEEATING.
2343 ||| RETREEEEATING.
2344 ||| RETREEEEATING.
You start resting.
Duvessa hits you with a +0 rapier.
You shoot an arrow. The arrow closely misses Duvessa.
Duvessa says, "Where magic fails, the sword succeeds!"
Duvessa barely misses you.
2347 ||| RETREEEEATING.
Duvessa attacks as she pursues you! Duvessa hits you but does no damage.
You shoot an arrow. The arrow barely misses Duvessa.
Duvessa hits you with a +0 rapier. x2
You die...

######.# .....
#......#.###... #
#)######.#.... .#
##.#### #.##..#..#
#.....# #.##e....#
####.....#
#.##e###.#
#........# #.##...#
#.##.....# #.####e#
#.######## #...@e.#
#.##########.######
#.....##.....#
#####.##.###.#
#....# #.# ######
#.# #.# #.. #.#


You could see Duvessa (fast) and Dowan.

Vanquished Creatures
  A hound (D:2)
  2 iguanas (D:4)
  2 adders
  A dart slug (D:1)
  An orc (D:3)
  4 ball pythons
  4 endoplasms
  A giant cockroach (D:1)
  6 goblins (D:1)
  5 hobgoblins
  13 jackals (D:1)
  6 kobolds
  A quokka (D:2)
  3 bats
  5 frilled lizards
  2 rats
57 creatures vanquished.

Notes
Turn   | Place    | Note
-------+----------+-------------------------------------------
     0 | D:1      | qw the Deep Elf Hunter began the quest for the Orb.
     0 | D:1      | Reached XP level 1. HP: 12/12 MP: 3/3
     0 | D:1      | 0 ||| qw: Version: 0.3-a-160-g6735b56
     0 | D:1      | 0 ||| qw: Game counter: 5433
     0 | D:1      | 0 ||| qw: Melee chars always use a shield: true
     0 | D:1      | 0 ||| qw: God list: Okawaru
     0 | D:1      | 0 ||| qw: Allow faded altars: false
     0 | D:1      | 0 ||| qw: Do Orc after clearing Dungeon:15 true
     0 | D:1      | 0 ||| qw: Do second Lair branch before Depths: true
     0 | D:1      | 0 ||| qw: Lair rune preference: random
     0 | D:1      | 0 ||| qw: Goals: Normal
     0 | D:1      | 0 ||| PLANNING D:1-11
    18 | D:1      | 18 ||| RETREEEEATING.
    23 | D:1      | Reached XP level 2. HP: 16/16 MP: 4/4
    30 | D:1      | Reached skill level 6 in Ranged Weapons
   402 | D:1      | Reached XP level 3. HP: 20/20 MP: 5/5
   620 | D:1      | 620 ||| UPGRADING to +0 ring mail.
   630 | D:1      | 630 ||| DROPPING +0 leather armour.
   631 | D:1      | 631 ||| UPGRADING to +0 helmet.
   636 | D:1      | 636 ||| READING 3 scrolls labelled LOUXOT NUT GA HINN.
   636 | D:1      | 636 ||| IDENTIFYING black potion
   637 | D:1      | 637 ||| READING 2 scrolls of identify.
   637 | D:1      | 637 ||| IDENTIFYING white potion
   638 | D:1      | 638 ||| READING scroll of identify.
   638 | D:1      | 638 ||| IDENTIFYING bubbling inky potion
   639 | D:1      | 639 ||| READING scroll labelled VEZXIT LOHIA.
   642 | D:1      | 642 ||| READING 2 scrolls labelled GYLUCK FUSMICS.
   643 | D:1      | 643 ||| READING scroll labelled ULUIDO ENAAR.
   680 | D:1      | 680 ||| READING scroll labelled XYWNAY LIAL.
   681 | D:1      | 681 ||| DRINKING 2 bubbling purple potions.
   682 | D:1      | 682 ||| DROPPING scroll of butterflies.
   683 | D:1      | 683 ||| DROPPING potion of degeneration.
   684 | D:1      | 684 ||| DROPPING scroll of amnesia.
   685 | D:1      | 685 ||| DROPPING potion of attraction.
   735 | D:2      | Reached skill level 7 in Ranged Weapons
  1596 | D:3      | 1596 ||| STAIRDANCE
  1603 | D:3      | 1603 ||| STAIRDANCE
  1609 | D:2      | HP: 4/20 [frozen (3)]
  1610 | D:2      | 1610 ||| DRINKING potion of heal wounds.
  1614 | D:2      | Reached XP level 4. HP: 3/25 MP: 6/6
  1617 | D:2      | HP: 3/25 [hobgoblin (1)]
  1623 | D:2      | HP: 3/25 [hobgoblin (1)]
  1714 | D:3      | 1714 ||| STAIRDANCE
  1774 | D:3      | Reached skill level 8 in Ranged Weapons
  2139 | D:4      | 2139 ||| PLANNING SEWER
  2178 | D:4      | Noticed an ogre
  2179 | D:4      | 2179 ||| RETREEEEATING.
  2181 | D:4      | 2181 ||| RETREEEEATING.
  2183 | D:4      | 2183 ||| RETREEEEATING.
  2186 | D:4      | 2186 ||| RETREEEEATING.
  2187 | D:4      | 2187 ||| RETREEEEATING.
  2198 | D:4      | HP: 6/25 [ogre/+0 giant club (18)]
  2199 | D:4      | 2199 ||| READING scroll of teleportation.
  2289 | D:4      | Reached XP level 5. HP: 29/29 MP: 7/7
  2329 | D:4      | Noticed Duvessa
  2330 | D:4      | Noticed Dowan
  2341 | D:4      | 2341 ||| RETREEEEATING.
  2342 | D:4      | 2342 ||| RETREEEEATING.
  2343 | D:4      | 2343 ||| RETREEEEATING.
  2344 | D:4      | 2344 ||| RETREEEEATING.
  2345 | D:4      | HP: 6/29 [Duvessa/+0 rapier (4)]
  2347 | D:4      | 2347 ||| RETREEEEATING.
  2348 | D:4      | Slain by Duvessa

Levels and vault maps discovered:
D:1:      dpeg_arrival_erosion, layout_basic, glass_columns_b,
          dreamdust_wishing_well
D:2:      layout_basic
D:3:      layout_rooms
D:4:      layout_basic, lightli_sewer_entry_pipes, uniq_ijyb, uniq_duvessa,
          uniq_pikel

Skill      XL: |  1  2  3  4 |
---------------+-------------+-----
Ranged Weapons | 6 7 8 |  8.6
Fighting       | |  1.5
Dodging        | |  2.4
Stealth        | |  1.2

Action                     |  1- 3 |  4- 6 || total
---------------------------+-------+-------++-------
   Fire: Shortbow          |   104 |    93 ||   197
    Use: Scroll            |     7 |     1 ||     8
         Potion            |     2 |       ||     2
 Armour: Leather armour    |    17 |       ||    17
         Ring mail         |    19 |    44 ||    63
  Dodge: Dodged            |    50 |    34 ||    84

Table legend:
 A = Non-vault XP
 B = Vault XP
 C = Vault XP percentage of total XP
 D = Non-vault monster count
 E = Vault monster count
 F = Vault count percentage of total count
                 A         B        C        D         E       F
            +---------+---------+-------+---------+---------+-------
      Total |     233 |       0 |   0.0 |      57 |       0 |   0.0
            +---------+---------+-------+---------+---------+-------
        D:1 |      61 |       0 |   0.0 |      32 |       0 |   0.0
        D:2 |      69 |       0 |   0.0 |      12 |       0 |   0.0
        D:3 |      28 |       0 |   0.0 |      10 |       0 |   0.0
        D:4 |      75 |       0 |   0.0 |       3 |       0 |   0.0
            +---------+---------+-------+---------+---------+-------
